 Dungeon Crawl Stone Soup version 0.29.1-15-g9cfb28693d (webtiles) character file.

Game seed: 12798932340198248770

536 Heoruswealwe the Magician (level 7, -4/36 HPs)
             Began as a Deep Elf Earth Elementalist on Apr 16, 2023.
             Was a Believer of Vehumet.
             Slain by an orc warrior
             ... wielding a +0 mace
              (12 damage)
             ... on level 4 of the Dungeon.
             The game lasted 00:27:44 (3997 turns).

Heoruswealwe the Magician (DEEE)                    Turns: 3997, Time: 00:27:44

Health: -4/36      AC:  9    Str:  5    XL:     7   Next: 4%
Magic:  20/20      EV: 12    Int: 22    God:    Vehumet [**....]
Gold:   143        SH:  0    Dex: 15    Spells: 11/21 levels left

rFire   . . .      SeeInvis .   m - +0 war axe
rCold   . . .      Faith    .   (no shield)
rNeg    . . .      Spirit   .   a - +0 robe
rPois   .          Reflect  .   k - +1 helmet
rElec   .          Harm     .   (no cloak)
rCorr   .          Rampage  .   l - +0 pair of gloves
Will    .....                   (no boots)
Stlth   +.........              n - amulet of regeneration
HPRegen 0.92/turn               s - +4 ring of protection
MPRegen 0.17/turn               (no ring)

@: confused, ambrosia-drunk
A: no striking features
a: Renounce Religion


You were on level 4 of the Dungeon.
You worshipped Vehumet.
Vehumet was pleased with you.
You visited 1 branch of the dungeon, and saw 4 of its levels.
You also visited: Ossuary.

You collected 143 gold pieces.

Inventory:

Hand Weapons
 m - a +0 war axe (weapon)
Armour
 a - a +0 robe (worn)
 k - a +1 helmet (worn)
 l - a +0 pair of gloves (worn)
 q - a +0 cloak
Magical Staves
 g - a staff of air
Jewellery
 n - an amulet of regeneration (around neck)
 s - a +4 ring of protection (left hand)
Scrolls
 c - a scroll of fog {unknown}
 d - a scroll of poison {unknown}
 e - a scroll of magic mapping {unknown}
 j - 3 scrolls of immolation {unknown}
 o - 2 scrolls of noise {unknown}
 r - 2 scrolls of enchant armour {unknown}
 u - 2 scrolls of amnesia {unknown}
 w - 2 scrolls of identify {unknown}
 y - 3 scrolls of blinking {unknown}
 z - a scroll of vulnerability {unknown}
 A - a scroll of fear {unknown}
 C - 2 scrolls of teleportation {unknown}
 E - a scroll of summoning {unknown}
Potions
 b - 2 potions of magic
 f - 2 potions of heal wounds {unknown}
 h - a potion of haste {unknown}
 i - 2 potions of ambrosia
 p - 2 potions of invisibility {unknown}
 t - a potion of lignification {unknown}
 v - a potion of curing {unknown}
 x - 3 potions of mutation {unknown}
 B - a potion of berserk rage {unknown}
 D - a potion of attraction {unknown}
 F - a potion of brilliance {unknown}


   Skills:
 - Level 2.4 Dodging
 - Level 2.4 Stealth
 + Level 7.5 Spellcasting
 - Level 1.1 Transmutations
 + Level 6.6 Earth Magic


You had 11 spell levels left.
You knew the following spells:

 Your Spells              Type           Power      Damage    Failure   Level
a - Sandblast             Erth           74%        2d16      1%          1
b - Stone Arrow           Conj/Erth      44%        3d9       6%          3
c - Petrify               Tmut/Erth      25%        N/A       16%         4
z - Passwall              Tmut/Erth      20%        N/A       2%          2

Your spell library contained the following spells:

 Spells                   Type           Power      Damage    Failure   Level
 Scorch                   Fire           16%        2d5       12%         2


Dungeon Overview and Level Annotations

Branches:
Dungeon (4/15)            Ossuary (visited)
 Temple: D:4-7

Altars:
Fedhas
Vehumet


Message History

The necrophage is almost destroyed.
The blast of sand hits the necrophage!
You destroy the necrophage!
Vehumet accepts your kill.
You feel your power returning.
You have reached level 7!
You now have 132 gold pieces (gained 6).
You now have 143 gold pieces (gained 11).
You see here a necrophage corpse.
C - 2 scrolls labelled WAUR JAICUM (gained 1)
Found 37 gold pieces.
Found a rapier.
An orc warrior and an orc come into view.
The orc warrior is wielding a +0 mace and wearing a +0 plate armour of fire resistance.
Found a smoky coppery potion.
The orc warrior shouts!
The orc shouts!
An orc priest comes into view. It is wielding a +0 club.
The orc priest shouts!
The blast of sand hits the orc warrior but does no damage.
The orc priest calls down the wrath of Beogh upon you.
Beogh smites you!
The blast of sand hits the orc warrior!
The orc warrior is moderately wounded.
The blast of sand hits the orc warrior but does no damage.
The orc warrior is moderately wounded.
The orc barely misses you. The orc warrior closely misses you.
The orc hits you but does no damage.
The orc priest mumbles some strange prayers to Beogh against you.
Beogh smites you! The orc attacks as you move away!
The orc completely misses you.
The orc priest invokes the aid of Beogh against you.
Beogh smites you!
* * * LOW HITPOINT WARNING * * *
The orc attacks as you move away! The orc barely misses you.
It was a potion of ambrosia.
You are confused.
You feel invigorated. The orc misses you.
The orc warrior hits you with a +0 mace!
You die...

##########..+
..$$$....#..#
.........#..##+####
#...##. #.........
.. #.........
#......!..
#)........
#ooo......
#.@##+####
#.......# #.......#
#.......# #..###+##
.... .... ####.


You could see an orc warrior, an orc priest and an orc.

Vanquished Creatures
  A wraith (Ossuary)
  A phantom (D:4)
  A necrophage (D:4)
  Natasha (thrice) (D:3)
  3 mummies (Ossuary)
  3 adders
  4 gnolls (D:2)
  2 worms
  3 dart slugs
  An orc (D:2)
  5 endoplasms
  3 giant cockroaches (D:1)
  3 goblins
  7 hobgoblins
  4 jackals
  2 kobolds
  3 quokkas
  4 ball pythons
  3 bats
  3 frilled lizards
  4 goblin zombies (Ossuary)
  4 hobgoblin zombies (Ossuary)
  A kobold zombie (Ossuary)
  An orc zombie (Ossuary)
  9 rats
  11 bushes (D:2)
89 creatures vanquished.

Vanquished Creatures (others)
  3 fungi (D:2)
  9 plants (D:2)
12 creatures vanquished.

Grand Total: 101 creatures vanquished

Notes
Turn   | Place    | Note
-------+----------+-------------------------------------------
     0 | D:1      | Heoruswealwe the Deep Elf Earth Elementalist began the
                  | quest for the Orb.
     0 | D:1      | Reached XP level 1. HP: 10/10 MP: 6/6
   213 | D:1      | Reached XP level 2. HP: 15/15 MP: 4/8
   216 | D:1      | Learned a level 2 spell: Passwall
   598 | D:1      | Reached skill level 4 in Spellcasting
   641 | D:1      | Reached XP level 3. HP: 19/19 MP: 7/10
   645 | D:1      | Learned a level 3 spell: Stone Arrow
   864 | D:2      | Found a blossoming altar of Fedhas.
   888 | D:2      | Reached XP level 4. HP: 3/24 MP: 1/12
   893 | D:2      | Learned a level 4 spell: Petrify
  2042 | D:2      | Found a faded altar of an unknown god.
  2112 | D:2      | Prayed at the altar of an unknown god.
  2112 | D:2      | Became a worshipper of Vehumet
  2112 | D:2      | Reached * piety under Vehumet
  2112 | D:2      | Offered knowledge of Foxfire by Vehumet.
  2622 | D:2      | Reached skill level 5 in Spellcasting
  2765 | D:3      | Noticed Natasha
  2817 | D:3      | Killed Natasha
  2892 | D:3      | Reached skill level 5 in Earth Magic
  3080 | D:3      | Noticed Natasha
  3085 | D:3      | Killed Natasha
  3086 | D:3      | Reached XP level 5. HP: 15/28 MP: 11/15
  3089 | D:3      | Noticed Natasha
  3094 | D:3      | Killed Natasha
  3376 | D:4      | Noticed a phantom
  3381 | D:4      | Killed a phantom
  3382 | D:4      | Reached skill level 6 in Spellcasting
  3382 | D:4      | Reached XP level 6. HP: 32/32 MP: 17/17
  3453 | D:4      | Found a sand-covered staircase.
  3457 | Ossuary  | Entered an ossuary
  3457 | Ossuary  | Noticed a wraith
  3457 | Ossuary  | Noticed a wraith
  3457 | Ossuary  | Noticed a wraith
  3487 | Ossuary  | Offered knowledge of Scorch by Vehumet.
  3502 | Ossuary  | Reached ** piety under Vehumet
  3727 | Ossuary  | Noticed a wraith
  3737 | Ossuary  | Killed a wraith
  3738 | Ossuary  | Reached skill level 7 in Spellcasting
  3955 | D:4      | Reached XP level 7. HP: 36/36 MP: 18/20
  3997 | D:4      | Slain by an orc warrior

Illustrated notes

Levels and vault maps discovered:
D:1:      dpeg_arrival_round_a, layout_loops_corners, minmay_splitting_lines
D:2:      layout_loops_ring, shapermc_ecumenical_altar_ellora, basic_altar,
          serial_forest, infiniplex_forest_end_3, infiniplex_forest_lined_4_way,
          infiniplex_forest_lined_ring, infiniplex_forest_straight_4,
          infiniplex_forest_clump_medium, infiniplex_forest_lined_3
D:3:      minmay_angry_zag, layout_basic, uniq_natasha
D:4:      layout_gridville, mainiacjoe_overflow_tiny_flanked,
          gammafunk_ghost_mausoleum, nicolae_ossuary_entry_plus

Skill      XL: |  1  2  3  4  5  6 |
---------------+-------------------+-----
Spellcasting   | 4 5 6 7 |  7.5
Earth Magic    | 4 5 6 |  6.6
Dodging        | |  2.4
Stealth        | |  2.4
Transmutations | |  1.1

Action                   |  1- 3 |  4- 6 |  7- 9 || total
-------------------------+-------+-------+-------++-------
Melee: War axe           |       |   986 |       ||   986
       Punch             |       |    17 |       ||    17
 Cast: Sandblast         |    42 |    78 |     3 ||   123
  Use: Potion            |       |       |     1 ||     1
Armor: Robe              |     1 |    14 |     1 ||    16
Dodge: Dodged            |    11 |    21 |     5 ||    37
